AoeStats
← FernetRush

Oasis

510015831Analyzed
2v2 RM · 3d ago on Sep 29, 2026· 40m 20s· 4 players
Game mode
Random Map
Map size
Medium (4 player)
Population
200
Speed
Normal
Resources
Standard
Victory
Conquest
Starting age
Dark Age
Ending age
Imperial Age
RankedLock teamsTeams togetherTeam positionsShared explorationLock speedFull tech treeHidden civsTurbo modeCheats
Victory
Defeat
🇨🇦 Inca · Canada
891
+13
🇨🇦 Byzantines · Canada
868
+14
🇦🇷 Mongols · Argentina
835
-15
🇺🇸 Burgundians · United States
799
-12
FernetRush
10:53 Feudal Age
12:45 Loom
15:10 Castle Age
13:05 Horse Collar
13:44 Double-Bit Axe
16:30 Loom
18:17 Bow Saw
19:22 Heavy Plow
22:34 Wheelbarrow
25:27 Hand Cart
30:40 Imperial Age
31:52 Bloodlines
31:05 Light Cavalry
33:40 Scale Barding Armor
33:46 Forging
35:53 Iron Casting
35:39 Chain Barding Armor
39:13 Blast Furnace
dudy
3:13 Loom
7:09 Double-Bit Axe
11:08 Feudal Age
17:22 Castle Age
15:27 Horse Collar
25:02 Wheelbarrow
24:12 Town Watch
27:01 Town Patrol
28:50 Hand Cart
33:57 Imperial Age
32:18 Gold Mining
32:21 Stone Mining
35:18 Forging
34:59 Fletching
35:10 Scale Mail Armor
36:13 Chemistry
Balaam
13:06 Feudal Age
14:40 Double-Bit Axe
16:58 Forging
16:49 Scale Mail Armor
16:16 Champi Runner
16:46 Arson
17:50 Gold Mining
25:23 Castle Age
25:49 Champi Warrior
26:34 Squires
26:46 Bow Saw
26:28 Stone Mining
26:34 Stone Mining
27:23 Gold Shaft Mining
26:31 Horse Collar
27:33 Iron Casting
27:14 Chain Mail Armor
29:14 Wheelbarrow
33:39 Hand Cart
37:20 Stone Shaft Mining
DingleDwarf69
10:59 Feudal Age
19:10 Wheelbarrow
21:18 Castle Age
21:16 Stone Mining
21:22 Gold Mining
21:51 Forging
22:24 Double-Bit Axe
24:32 Pikeman
25:15 Squires
25:00 Arson
26:20 Wheelbarrow
27:02 Scale Barding Armor
27:33 Iron Casting
28:11 Gold Shaft Mining
30:12 Chain Barding Armor
33:38 Imperial Age
32:27 Hand Cart
32:21 Husbandry
33:05 Arson
33:40 Elite Cataphract
35:14 Plate Barding Armor
34:51 Heavy Cavalry Archer
35:31 Fletching
40:31 Thumb Ring
Connection lost

Rejoining the realm…

Still unreachable

The connection could not be restored.

Session expired

The server has moved on; the page needs a fresh start.